 Dungeon Crawl Stone Soup version 0.29-a0-732-g3d7fbe0af2 (webtiles) character file.

Game seed: 7393026317574253655

4 ReploidZero the Firebug (level 1, 0/16 HPs)
             Began as an Ogre Fire Elementalist on June 29, 2022.
             Slain by a hobgoblin (2 damage)
             ... on level 1 of the Dungeon.
             The game lasted 00:01:48 (236 turns).

ReploidZero the Firebug (Ogre Fire Elementalist)     Turns: 236, Time: 00:01:49

Health: 0/16       AC:  3    Str: 11    XL:     1   Next: 70%
Magic:  1/4        EV:  9    Int: 16    God:
Gold:   0          SH:  0    Dex:  9    Spells: 4/5 levels left

rFire   . . .      SeeInvis .   (no weapon)
rCold   . . .      Faith    .   (no shield)
rNeg    . . .      Spirit   .   a - +0 robe
rPois   .          Reflect  .   (helmet restricted)
rElec   .          Harm     .   (no cloak)
rCorr   .          Rampage  .   (gloves unavailable)
Will    .....                   (boots unavailable)
Stlth   +.........              (no amulet)
HPRegen 0.05/turn               (no ring)
MPRegen 0.09/turn               (no ring)

@: no status effects
A: large, unfitting armour, tough skin 1
a: no special abilities


You were on level 1 of the Dungeon.
You visited 1 branch of the dungeon, and saw 1 of its levels.

Inventory:

Armour
 a - a +0 robe (worn)
 e - a +0 tower shield
Jewellery
 d - a ring of fire
Scrolls
 f - a scroll of amnesia {unknown}
Potions
 b - a potion of magic
 c - a potion of degeneration {unknown}


   Skills:
 - Level 1.7 Dodging
 - Level 1.4 Stealth
 + Level 2.5 Spellcasting
 + Level 1.1 Conjurations
 + Level 2.8 Fire Magic


You had 4 spell levels left.
You knew the following spells:

 Your Spells              Type           Power      Damage    Failure   Level
a - Foxfire               Conj/Fire      32%        2x1d5     9%          1

Your spell library contained the following spells:

 Spells                   Type           Power      Damage    Failure   Level
 Scorch                   Fire           22%        2d6       10%         2
 Conjure Flame            Conj/Fire      8%         6-21      26%         3
 Inner Flame              Hex/Fire       6%         N/A       32%         3
 Flame Wave               Conj/Fire      8%         2d5       65%         4


Dungeon Overview and Level Annotations

Branches:
Dungeon (1/15)

Altars:


Innate Abilities, Weirdness & Mutations

You are too large for most types of armour.
You have tough skin. (AC +1)


Message History

Okay, then.
Unknown command.
Okay, then.
Sorry, you're not good enough to have a special ability.
Casting: Foxfire (safe; 9% risk of failure)
Press: ? - help, Q - select action Dir - look around, f - activate You miscast Foxfire.
You are very lightly contaminated with residual magic.
Nothing appears to happen.
The bat barely misses you. The bat hits you.
The bat hits you but does no damage.
Your magical contamination has completely faded away.
Casting: Foxfire (safe; 9% risk of failure)
Press: ? - help, Q - select action Dir - look around, f - activate You conjure some foxfire!
The bat hits you. The bat hits you but does no damage.
The foxfire hits the hobgoblin.
The hobgoblin is lightly wounded.
You hit the hobgoblin.
The hobgoblin is moderately wounded.
The bat closely misses you. The bat barely misses you.
You hit the hobgoblin but do no damage.
The hobgoblin is moderately wounded.
The bat closely misses you. The bat completely misses you.
The hobgoblin closely misses you.
You barely miss the hobgoblin.
The hobgoblin is moderately wounded.
The bat hits you. The hobgoblin hits you.
* * * LOW HITPOINT WARNING * * *
You hit the hobgoblin.
The hobgoblin is severely wounded.
The bat barely misses you. x3
The hobgoblin hits you but does no damage.
You barely miss the hobgoblin.
The hobgoblin is severely wounded.
The bat barely misses you. The bat hits you.
* * * LOW HITPOINT WARNING * * *
The hobgoblin hits you.
You die...

..⌠...............>..#
#.......
......############.###
###.#### #######
#######...# #.# ......(.###
#..# ###.......### #.## .##
#.#####...######.## ...##.
###..#......#
#....########........#
##.#....g@bKJ###......# .
.......#####gg........##..
.###.#.....######.....)....
........##.gg.JK...........
.....>#.gw#######..b...##..
####.[..#)# ######## .
#.....g...$..#
##.#...w......
#)###....g...


You could see an endoplasm, 3 hobgoblins, a bat and a kobold.

Vanquished Creatures
  A bat (D:1)
  2 kobolds (D:1)
  2 frilled lizards (D:1)
5 creatures vanquished.

Vanquished Creatures (others)
  12 foxfires (D:1)
12 creatures vanquished.

Grand Total: 17 creatures vanquished

Notes
Turn   | Place    | Note
-------+----------+-------------------------------------------
     0 | D:1      | ReploidZero the Ogre Fire Elementalist began the quest for
                  | the Orb.
     0 | D:1      | Reached XP level 1. HP: 16/16 MP: 3/3
    96 | D:1      | Reached skill level 1 in Conjurations
   236 | D:1      | Slain by a hobgoblin

Illustrated notes

Levels and vault maps discovered:
D:1:      dpeg_arrival_leaves_temple_mockup, layout_rooms,
          serial_park_tiny_pond, amcnicky_mini_pool_small,
          kennysheep_pointless_box, item_on_display_a

Skill      XL: |  1 |
---------------+----+-----
Conjurations   | 1 |  1.1
Dodging        | |  1.7
Stealth        | |  1.4
Spellcasting   | |  2.5
Fire Magic     | |  2.8

Action                   || total
-------------------------++-------
Melee: Unarmed           ||    21
 Cast: Foxfire           ||    12
 Stab: Sleeping          ||     1
Armor: Robe              ||    27
Dodge: Dodged            ||    23

Table legend: (Time is in decaauts)
 A = Elapsed time spent in this place.
 B = Non-inter-level travel time spent in this place.
 C = Inter-level travel time spent in this place.
 D = Time resting spent in this place.
 E = Time spent auto-exploring this place.
 F = Levels seen in this place.
 G = Mean time per level.
                   A        B        C        D        E       F      G
               +--------+--------+--------+--------+--------+-----+--------+
         Total |    236 |    236 |      0 |      0 |    153 |   1 |  236.0 |
       Dungeon |    236 |    236 |      0 |      0 |    153 |   1 |  236.0 |
               +--------+--------+--------+--------+--------+-----+--------+

Top non-repeatable levels by time:
     D:1: 236 daAuts
